 Dungeon Crawl Stone Soup version 0.21-a0-95-g06f091e (webtiles) character file.

926 4thArraOfDagon the Grappler (level 7, 0/66 HPs)
             Began as a Troll Wanderer on July 4, 2017.
             Shot with an arrow by a centaur (2 damage)
             ... on level 6 of the Dungeon.
             The game lasted 00:03:12 (573 turns).

4thArraOfDagon the Grappler (Troll Wanderer)         Turns: 573, Time: 00:03:13

Health: 0/66       AC:  5    Str: 21    XL:     7   Next: 85%
Magic:  6/6        EV:  9    Int: 11    God:
Gold:   76         SH:  0    Dex:  8    Spells: 4/6 levels left

rFire    . . .     SeeInvis .     - Unarmed
rCold    . . .     Gourm    +   (no shield)
rNeg     . . .     Faith    .   c - +0 robe
rPois    .         Spirit   .   (helmet restricted)
rElec    .         Reflect  .   (no cloak)
rCorr    .         Harm     .   (gloves unavailable)
MR       .....                  (boots unavailable)
Stlth    +.........             (no amulet)
HPRegen  0.61/turn              (no ring)
MPRegen  0.10/turn              (no ring)

@: no status effects
A: unfitting armour, claws 3, fast metabolism 3, gourmand, regeneration 1,
shaggy fur 1, tough skin 2
a: no special abilities


You were on level 6 of the Dungeon.
You were full.

You visited 1 branch of the dungeon, and saw 6 of its levels.

You collected 76 gold pieces.

Inventory:

Hand Weapons
 b - a +2 blowgun
 d - a +0 mace
Missiles
 i - 18 poisoned needles
Armour
 c - a +0 robe (worn)
Scrolls
 e - a scroll of remove curse {unknown}
 g - a scroll of identify {unknown}
 h - a scroll of immolation {unknown}
 k - a scroll of noise {unknown}
 l - a scroll of blinking {unknown}
Comestibles
 f - 4 bread rations
 j - a meat ration
 m - a royal jelly


   Skills:
 - Level 2.4 Fighting
 - Level 2.6 Maces & Flails
 - Level 1.0 Throwing
 - Level 1.5 Dodging
 - Level 1.0 Stealth
 * Level 9.0 Unarmed Combat


You had 4 spell levels left.
You knew the following spells:

 Your Spells              Type           Power        Failure   Level  Hunger
a - Blink                 Tloc           N/A          47%         2    ###....


Dungeon Overview and Level Annotations

Branches:
Dungeon (6/15)
 Temple: D:4-7

Altars:
Fedhas
Gozag
Vehumet


Innate Abilities, Weirdness & Mutations

You are too large for most types of armour.
You have claws for hands.
Your metabolism is lightning-fast.
You like to eat raw meat.
Your natural rate of healing is unusually fast.
You are covered in fur. (AC +1)
You have very tough skin. (AC +2)


Message History

The two-headed ogre hits you with a giant club!!
The two-headed ogre hits you with a giant spiked club!!
* * * LOW HITPOINT WARNING * * *
Unknown command.
You scratch the two-headed ogre.
The two-headed ogre is heavily wounded.
Unknown command.
You claw the two-headed ogre!
The two-headed ogre is almost dead.
Unknown command.
Unknown command.
Unknown command.
You claw the two-headed ogre!
You kill the two-headed ogre!
Your Unarmed Combat skill gained 3 levels and is now at level 9!
You have reached level 7!
The centaur shoots an arrow.
The arrow hits you!
* * * LOW HITPOINT WARNING * * *
The arrow burns you.
You die...

### .. ..# #+## #. #.
#.# #...# #. #.##.#
#..... #. #.##.##
#......
###.##.....####?......
...........)c(.......
#........@###.......
#..###..#.## #......
#..........# #.....
##.###.##..# #...# #.#
#.##..# #+##
#.###.##..#
#.........#
#<###.##.## #........#


You could see a centaur.

Vanquished Creatures
  A two-headed ogre (D:6)
  A sky beast (D:5)
  A howler monkey (D:4)
  A crimson imp (D:5)
  An iguana (D:4)
  4 worker ants
  2 adders
  An orc (D:5)
  2 giant cockroaches
  A goblin (D:3)
  A hobgoblin (D:2)
  A frilled lizard (D:3)
  2 kobolds (D:3)
19 creatures vanquished.

Notes
Turn   | Place    | Note
-------+----------+-------------------------------------------
     0 | D:1      | 4thArraOfDagon the Troll Wanderer began the quest for the Orb.
     0 | D:1      | 4thArraOfDagon set off with: 3 curare-tipped needles, a +2 blowgun, a +0 robe, a +0 mace, 2 bread rations
     0 | D:1      | Reached XP level 1. HP: 22/22 MP: 0/0
     1 | D:1      | Found a runed door.
    12 | D:1      | Noticed a jelly
    61 | D:3      | Reached skill level 1 in Unarmed Combat
    61 | D:3      | Reached XP level 2. HP: 22/29 MP: 1/1
    96 | D:3      | Reached skill level 2 in Unarmed Combat
   124 | D:4      | Noticed a howler monkey
   137 | D:4      | Killed a howler monkey
   137 | D:4      | Reached skill level 3 in Unarmed Combat
   137 | D:4      | Reached XP level 3. HP: 27/36 MP: 2/2
   141 | D:4      | Reached XP level 4. HP: 27/44 MP: 3/3
   158 | D:4      | Reached skill level 4 in Unarmed Combat
   184 | D:3      | Learned a level 2 spell: Blink
   204 | D:4      | Found a blossoming altar of Fedhas.
   208 | D:4      | Found an opulent altar of Gozag.
   288 | D:5      | Entered Level 5 of the Dungeon
   320 | D:5      | Reached XP level 5. HP: 50/50 MP: 4/4
   350 | D:5      | Reached skill level 5 in Unarmed Combat
   356 | D:5      | Noticed a sky beast
   449 | D:5      | Killed a sky beast
   449 | D:5      | Reached skill level 6 in Unarmed Combat
   449 | D:5      | Reached XP level 6. HP: 25/59 MP: 5/5
   496 | D:5      | Found a radiant altar of Vehumet.
   558 | D:6      | Noticed a two-headed ogre
   573 | D:6      | Killed a two-headed ogre
   573 | D:6      | Reached skill level 9 in Unarmed Combat
   573 | D:6      | Reached XP level 7. HP: 10/66 MP: 6/6
   573 | D:6      | HP: 2/66 [centaur/arrow (8)]
   573 | D:6      | Shot with an arrow by a centaur

Vault maps used:
D:1:      dpeg_arrival_caged_fury, serial_curves, eino_curves_03, eino_curves_04
D:2:      nemelex_xobeh_ov_fountains_minmay
D:3:      old_standard_altar
D:4:      kiku_gazebo_pond_becter, chequers_temple_overflow_statue_of_worship
D:5:      kennysheep_mini, first_bread, minivault_1, serial_bayou_pond_b,
          uniq_grinder
D:6:      nicolae_overflow_hidden_temple, minmay_temple_entry_trees,
          grunt_decor_arrowhead

Skill      XL: |  1  2  3  4  5  6 |
---------------+-------------------+-----
Unarmed Combat | 1 3 4 6 9 |  9.0
Fighting       | |  2.4
Maces & Flails | |  2.6
Throwing       | |  1.0
Dodging        | |  1.5
Stealth        | |  1.0

Action                   |  1- 3 |  4- 6 |  7- 9 || total
-------------------------+-------+-------+-------++-------
Melee: Unarmed           |    17 |    55 |       ||    72
       Punch             |       |     1 |       ||     1
 Fire: Blowgun           |     3 |     2 |       ||     5
 Stab: Sleeping          |       |     1 |       ||     1
  Eat: Chunk             |     2 |     4 |       ||     6
       Fruit             |     1 |       |       ||     1
Armor: Robe              |     3 |    11 |       ||    14
Dodge: Dodged            |     8 |    20 |       ||    28
